 Dungeon Crawl Stone Soup version 0.27-a0-1081-ge8a0a9c698 (webtiles) character file.

Game seed: 6466247997807166821

55 gimp the Shield-Bearer (level 3, -1/31 HPs)
             Began as a Djinni Fighter on Apr 25, 2021.
             Slain by Blork the orc
             ... wielding a +0 trident
              (4 damage)
             ... on level 4 of the Dungeon.
             The game lasted 00:01:09 (1027 turns).

gimp the Shield-Bearer (Djinni Fighter)             Turns: 1027, Time: 00:01:10

Health: -1/31      AC:  7    Str: 16    XL:     3   Next: 93%
Gold:   46         EV:  7    Int:  9    God:
                   SH:  9    Dex: 12

rFire    + + .     SeeInvis .   a - +0 war axe
rCold    x . .     Faith    .   c - +0 kite shield
rNeg     . . .     Spirit   .   b - +1 scale mail
rPois    ∞         Reflect  .   (no helmet)
rElec    .         Harm     .   (no cloak)
rCorr    .         Rampage  .   (no gloves)
Will     .....                  (boots unavailable)
Stlth    ..........             (no amulet)
HPRegen  0.10/turn              (no ring)
MPRegen  0.00/turn              (no ring)

@: mighty, flying
A: fire resistance 2, cold vulnerability 1, float, innate caster, hp casting,
extra vitality 1
a: no special abilities


You were on level 4 of the Dungeon.
You visited 1 branch of the dungeon, and saw 3 of its levels.

You collected 46 gold pieces.

Inventory:

Hand Weapons
 a - a +0 war axe (weapon)
Missiles
 g - 8 silver boomerangs (quivered)
Armour
 b - a +1 scale mail (worn)
 c - a +0 kite shield (worn)


   Skills:
 + Level 3.9 Fighting
 - Level 1.5 Axes
 - Level 3.0 Armour
 + Level 3.9 Shields


You had one spell level left.
You knew the following spells:

 Your Spells              Type           Power      Damage    Failure   Level
a - Animate Skeleton      Necr           0%         N/A       99%         1
Your spell library was empty.

Dungeon Overview and Level Annotations

Branches:
Dungeon (2/15)

Altars:

Annotations:
D:4 Blork the orc


Innate Abilities, Weirdness & Mutations

You are immune to poison.
Your flesh is very heat resistant. (rF++)
You are vulnerable to cold. (rC-)
You float through the air rather than walking.
You learn spells naturally, not from books.
Your magical power is your life essence.
You have superior vitality. (+4 HP)


Message History

The hound skeleton bites you but does no damage.
You regained 5 hp, and now have 20/31 hp.
You feel less invigorated.
You feel less confused.
Blork the orc gestures at you while chanting.
The magic dart hits you.
Blork the orc hits you with a +0 trident.
You see here a +0 dagger.
You hit Blork the orc.
Blork the orc is lightly wounded.
You hit the hound skeleton.
Blork the orc gestures at you while chanting.
The puff of frost hits you!
You feel a terrible chill!
* * * LOW HITPOINT WARNING * * *
The hound skeleton barely misses you. You block Blork the orc's attack.
The hound skeleton completely misses you.
You take 13 damage, and have 8/31 hp.
MASSIVE DAMAGE!!
You hit Blork the orc.
Blork the orc is moderately wounded.
You slash the hound skeleton!
You destroy the hound skeleton!
You block Blork the orc's attack.
Blork the orc gestures at you while chanting.
The puff of flame misses you.
You hit Blork the orc.
Blork the orc is moderately wounded.
Blork the orc looks braver for a moment.
Blork the orc barely misses you.
Blork the orc hits you with a +0 trident.
* * * LOW HITPOINT WARNING * * *
You take 6 damage, and have 3/31 hp.
You aren't carrying any potions.
Unknown command.
You slash Blork the orc!
Blork the orc is almost dead.
You block Blork the orc's attack. x2
You hit Blork the orc.
Blork the orc is almost dead.
Blork the orc hits you with a +0 trident.
You die...

###########.
#oo@........
#.#########.
###########.#
........o...#
.........####
##.#####..#
##.# .# ..


You could see Blork the orc (fast) and an orc.

Vanquished Creatures
  A hound skeleton (D:4)
  2 adders (D:2)
  3 ball pythons
  A hobgoblin (D:1)
  4 jackals (D:2)
  A quokka (D:1)
  3 bats (D:1)
  A frilled lizard (D:1)
  3 goblins (D:1)
  2 kobolds
  2 rats (D:2)
23 creatures vanquished.

Notes
Turn   | Place    | Note
-------+----------+-------------------------------------------
     0 | D:1      | gimp the Djinni Fighter began the quest for the Orb.
     0 | D:1      | Reached XP level 1. HP: 20/20 MP: 0/0
   485 | D:1      | Reached XP level 2. HP: 23/25 MP: 0/0
   783 | D:2      | Found a faded altar of an unknown god.
   810 | D:2      | Reached XP level 3. HP: 23/30 MP: 0/0
   810 | D:2      | Learned a level 1 spell: Animate Skeleton
   992 | D:2      | You are sucked into a shaft and drop 2 floors!
  1001 | D:4      | Noticed Blork the orc
  1027 | D:4      | Slain by Blork the orc

Illustrated notes

Levels and vault maps discovered:
D:1:      minmay_arrival_solitary_statue, layout_loops_ring, minivault_4
D:2:      layout_loops_ring, basic_ecumenical_altar, basic_altar
D:4:      kb_forest_paths, layout_basic, nicolae_yredelemnul_corpse_copse,
          kiku_gazebo_pond_becter, corexii_corridor_pit, uniq_blork_the_orc

Action                   || total
-------------------------++-------
Melee: War axe           ||    78
  Use: Potion            ||     2
       Scroll            ||     1
Armor: Scale mail        ||    71
Dodge: Dodged            ||    37
Block: Kite shield       ||    54

Table legend: (Time is in decaauts)
 A = Elapsed time spent in this place.
 B = Non-inter-level travel time spent in this place.
 C = Inter-level travel time spent in this place.
 D = Time resting spent in this place.
 E = Time spent auto-exploring this place.
 F = Levels seen in this place.
 G = Mean time per level.
                   A        B        C        D        E       F      G
               +--------+--------+--------+--------+--------+-----+--------+
         Total |   1077 |   1061 |     16 |      0 |    846 |   3 |  359.0 |
       Dungeon |   1077 |   1061 |     16 |      0 |    846 |   3 |  359.0 |
               +--------+--------+--------+--------+--------+-----+--------+

Top non-repeatable levels by time:
     D:1: 804 daAuts
     D:2: 233 daAuts
     D:4: 39 daAuts
